 Dungeon Sprint DCSS version 0.25.1-2-g60ff931df9 (webtiles) character file.

Game seed: 8903568406652289491

66039 howech the Sharpshooter (level 15, -9/129 HPs)
             Began as a Gnoll Fire Elementalist on Nov 3, 2020.
             Was the Champion of Okawaru.
             Killed by divine providence
             ... invoked by a daeva
              (12 damage)
             ... in the Dungeon (Sprint V: "Ziggurat Sprint").
             The game lasted 00:24:34 (2795 turns).

howech the Sharpshooter (Gnoll Fire Elementalist)   Turns: 2795, Time: 00:24:34

Health: -9/129     AC: 19    Str: 10    XL:     15   Next: 18%
Magic:  20/34      EV: 23    Int: 24    God:    Okawaru [******]
Gold:   0          SH: 37    Dex: 24    Spells: 18/45 levels left

rFire    + . .     SeeInvis +   a - +7 Screaming Sword {vorpal, sonic wave}
rCold    + + +     Gourm    .   c - +18 shield of the Gong {rElec rN+ MR+ EV-5}
rNeg     + . .     Faith    .   x - +4 skin of Zhor {Englaciate rC+++ SInv}
rPois    +         Spirit   .   I - +3 crown of Dyrovepreva {rElec Int+2 SInv}
rElec    +         Reflect  +   P - +1 cloak {rCorr}
rCorr    +         Harm     .   R - +1 pair of gloves of the Peculiar Xalams {Slay+3}
MR       ++...     NoTele   +   C - +2 pair of boots {Stlth+}
Stlth    +++.......             J - amulet of reflection
HPRegen  0.31/turn              y - +6 ring of dexterity
MPRegen  0.24/turn              V - ring "Nofeoca" {Wiz SInv}

@: resistant, slightly contaminated, hasted, glowing, studying 3 skills, very
quick
A: distributed training, fangs 1, strong nose
a: Heroism, Finesse, Renounce Religion


You were in the Dungeon.
You worshipped Okawaru.
Okawaru was exalted by your worship.
You were not hungry.

You visited 1 branch

Inventory:

Hand Weapons
 a - the +7 Screaming Sword (weapon) {vorpal, sonic wave}
   (You found it in the Dungeon)

   It inflicts extra damage upon your enemies.
 l - a +6 broad axe of freezing
 N - the +2 great sword "Usodu" {vamp, rElec rPois MP+9}
   (You found it in the Dungeon)

   It inflicts no extra harm, but heals its wielder when it wounds a living foe.
   It insulates you from electricity.
   It protects you from poison.
   It affects your magic capacity (+9).
Armour
 b - +5 fire dragon scales
 c - the +18 shield of the Gong (worn) {rElec rN+ MR+ EV-5}
   (You found it in the Dungeon)

   It affects your evasion (-5).
   It insulates you from electricity.
   It protects you from negative energy.
   It affects your resistance to hostile enchantments.
 x - the +4 skin of Zhor (worn) {Englaciate rC+++ SInv}
   (You found it in the Dungeon)

   It renders you almost immune to cold.
   It lets you see invisible.
 C - a +2 pair of boots of stealth (worn)
 I - the +3 crown of Dyrovepreva (worn) {rElec Int+2 SInv}
   (You found it in the Dungeon)

   It affects your intelligence (+2).
   It insulates you from electricity.
   It lets you see invisible.
 O - a +0 pair of gloves of strength
 P - a +1 cloak of preservation (worn)
 Q - the +3 robe of Folly {Archmagi, MR-- Int+5}
   (You found it in the Dungeon)

   It affects your intelligence (+5).
   It affects your resistance to hostile enchantments.
 R - the +1 pair of gloves of the Peculiar Xalams (worn) {Slay+3}
   (Okawaru gifted it to you in the Dungeon)

   It affects your accuracy and damage with ranged weapons and melee attacks
   (+3).
 U - a +2 cloak of stealth
Jewellery
 y - a +6 ring of dexterity (left hand)
 z - a +6 ring of dexterity
 A - a +6 ring of intelligence
 B - an uncursed ring of flight
 D - a +6 ring of strength
 H - the cursed ring "Aklats" {rN+ Str+4 Dex-4}
   (You found it in the Dungeon)

   [ring of dexterity]

   It affects your strength (+4).
   It affects your dexterity (-4).
   It protects you from negative energy.
   It has a curse placed upon it.
 J - an amulet of reflection (around neck)
 K - the cursed ring of Wokom {EV-4 Dex+4 Slay+5}
   (You found it in the Dungeon)

   [ring of evasion]

   It affects your evasion (-4).
   It affects your dexterity (+4).
   It affects your accuracy and damage with ranged weapons and melee attacks
   (+5).
   It has a curse placed upon it.
 M - a +6 ring of dexterity
 T - an uncursed ring of fire
 V - the ring "Nofeoca" (right hand) {Wiz SInv}
   (You found it in the Dungeon)

   [ring of wizardry]

   It improves your spell success rate.
   It lets you see invisible.
Wands
 E - a wand of disintegration (7)
 F - a wand of iceblast (7)
 G - a wand of acid (7)
Scrolls
 i - a scroll of blinking
 o - 4 scrolls of amnesia
 p - 9 scrolls of fog
 r - 4 scrolls of identify
 s - 5 scrolls of remove curse
 t - 2 scrolls of fear
Potions
 d - 11 potions of curing
 e - a potion of heal wounds
 f - 9 potions of haste
 g - 7 potions of magic
 h - 3 potions of berserk rage
 j - a potion of invisibility
 k - 3 potions of resistance
 m - 7 potions of stabbing
 n - 5 potions of might
 v - 2 potions of brilliance
Books
 q - a manual of Conjurations
 L - a manual of Crossbows
 S - a manual of Charms
Miscellaneous
 w - a lightning rod (4/4)
Comestibles
 u - 7 rations


   Skills:
 + Level 15.3 Fighting
 + Level 15.3 Short Blades
 + Level 15.3 Long Blades
 + Level 15.3 Axes
 + Level 15.3 Maces & Flails
 + Level 15.3 Polearms
 + Level 15.3 Staves
 + Level 15.3 Slings
 + Level 15.3 Bows
 + Level 19.0 Crossbows
 + Level 15.3 Throwing
 + Level 15.3 Armour
 + Level 15.8 Dodging
 + Level 15.7 Stealth
 + Level 15.3 Shields
 + Level 15.3 Unarmed Combat
 + Level 15.9 Spellcasting
 + Level 15.1 Conjurations
 + Level 13.2 Hexes
 + Level 13.3 Charms
 + Level 13.2 Summonings
 + Level 13.2 Necromancy
 + Level 13.2 Translocations
 + Level 13.2 Transmutations
 + Level 14.1 Fire Magic
 + Level 13.2 Ice Magic
 + Level 13.2 Air Magic
 + Level 13.2 Earth Magic
 + Level 13.2 Poison Magic
 + Level 16.5 Invocations
 + Level 15.3 Evocations


You had 18 spell levels left.
You knew the following spells:

 Your Spells              Type           Power        Failure   Level  Hunger
a - Foxfire               Conj/Fire      ####         0%          1    None
b - Fireball              Conj/Fire      ######....   1%          5    #......
c - Conjure Ball Lightni  Conj/Air       ######....   1%          6    ####...
d - Orb of Destruction    Conj           #######...   1%          7    ######.
e - Ignition              Fire           ######....   22%         8    #######

Your spell library contained the following spells:

 Spells                   Type           Power        Failure   Level  Hunger
 Apportation              Tloc           ######       0%          1    None
 Infusion                 Chrm           ####         0%          1    None
 Magic Dart               Conj           ####         0%          1    None
 Sandblast                Erth           ######       0%          1    None
 Shock                    Conj/Air       ####         0%          1    None
 Sting                    Tmut/Pois      ####         0%          1    None
 Blink                    Tloc           N/A          0%          2    None
 Call Imp                 Summ           ######..     0%          2    None
 Corpse Rot               Necr/Air       N/A          0%          2    None
 Ensorcelled Hibernation  Hex/Ice        ######       0%          2    None
 Passwall                 Tmut/Erth      ######..     0%          2    None
 Poisonous Vapours        Pois/Air       ######       0%          2    None
 Searing Ray              Conj           ######       0%          2    None
 Shroud of Golubria       Chrm/Tloc      ######       0%          2    None
 Slow                     Hex            ######..     0%          2    None
 Sticks to Snakes         Tmut           ######..     0%          2    None
 Sublimation of Blood     Necr           ######....   0%          2    None
 Conjure Flame            Conj/Fire      ######..     0%          3    None
 Confusing Touch          Hex            ######..     1%          3    None
 Dazzling Flash           Conj/Hex       ######       1%          3    None
 Gell's Gravitas          Tloc           ######....   1%          3    None
 Ignite Poison            Fire/Tmut/Pois ######..     1%          3    None
 Inner Flame              Hex/Fire       ######..     1%          3    None
 Lesser Beckoning         Tloc           ######....   1%          3    None
 Mephitic Cloud           Conj/Pois/Air  ######..     1%          3    None
 Ozocubu's Armour         Chrm/Ice       ######..     1%          3    None
 Portal Projectile        Hex/Tloc       ######       1%          3    None
 Spider Form              Tmut/Pois      ######....   1%          3    None
 Static Discharge         Conj/Air       ######..     1%          3    None
 Stone Arrow              Conj/Erth      ######       1%          3    None
 Teleport Other           Tloc           ######..     1%          3    None
 Cause Fear               Hex            ######....   1%          4    None
 Dispel Undead            Necr           ######..     1%          4    None
 Fulminant Prism          Conj/Hex       ######....   1%          4    None
 Iskenderun's Mystic Bla  Conj/Tloc      ######..     1%          4    None
 Olgreb's Toxic Radiance  Pois           ######..     1%          4    None
 Passage of Golubria      Tloc           N/A          1%          4    None
 Petrify                  Tmut/Erth      ######..     1%          4    None
 Sticky Flame             Conj/Fire      ######..     1%          4    None
 Summon Lightning Spire   Summ/Air       ######..     1%          4    None
 Agony                    Necr           ######..     1%          5    #......
 Alistair's Intoxication  Tmut/Pois      ######..     1%          5    #......
 Blade Hands              Tmut           ######....   1%          5    #......
 Borgnjor's Vile Clutch   Necr/Erth      ######....   1%          5    #......
 Excruciating Wounds      Chrm/Necr      ######....   1%          5    #......
 Irradiate                Conj/Tmut      ######....   1%          5    #......
 Iskenderun's Battlesphe  Conj/Chrm      ######..     1%          5    #......
 Lee's Rapid Deconstruct  Erth           ######....   1%          5    #......
 Lightning Bolt           Conj/Air       ######....   1%          5    #......
 Metabolic Englaciation   Hex/Ice        ######....   1%          5    #......
 Silence                  Hex/Air        ######....   1%          5    #......
 Summon Forest            Summ/Tloc      ######....   1%          5    #......
 Summon Mana Viper        Hex/Summ       ######..     1%          5    #......
 Yara's Violent Unravell  Hex/Tmut       ######....   1%          5    #......
 Darkness                 Hex            ######....   1%          6    ####...
 Dispersal                Tloc           ######....   1%          6    ####...
 Eringya's Noxious Bog    Tmut/Pois      ######....   1%          6    ####...
 Freezing Cloud           Conj/Ice/Air   ######....   1%          6    ####...
 Shadow Creatures         Summ           N/A          1%          6    ####...
 Starburst                Conj/Fire      ######....   1%          6    ####...
 Spellforged Servitor     Conj/Summ      ######....   2%          7    ######.
 Ring of Flames           Chrm/Fire      ######....   3%          7    ######.
 Summon Hydra             Summ           ######....   4%          7    ######.
 Controlled Blink         Tloc           N/A          32%         8    #######
 Discord                  Hex            ######....   32%         8    #######
 Disjunction              Tloc           ######....   32%         8    #######
 Shatter                  Erth           ######....   99%         9    #######
 Tornado                  Air            ######....   99%         9    #######


Dungeon Overview and Level Annotations

Branches:
Dungeon (1/1)

Altars:
Ashenzari
Cheibriados
Dithmenos
Elyvilon
Fedhas
Gozag
Hepliaklqana
Kikubaaqudgha
Makhleb
Nemelex Xobeh
Okawaru
Qazlal
Ru
Sif Muna
Trog
Uskayaw
Vehumet
Wu Jian
Xom
Yredelemnul
Zin
The Shining One
Beogh
Jiyva
Lugonu

Annotations:
D 1 transporter


Innate Abilities, Weirdness & Mutations

Your experience applies equally to all skills.
You have very sharp teeth.
Your uncanny sense of smell can sniff out nearby items.


Message History

* * * LOW HITPOINT WARNING * * *
You block the angel's attack.
BOUMMMMG!
You block the angel's attack.
SHROANNG!
The ophan calls forth blessed flames!
The daeva calls down the wrath of the Shining One upon you.
The Shining One smites you!
* * * LOW HITPOINT WARNING * * *
The daeva calls down the wrath of the Shining One upon you.
The Shining One smites you!
* * * LOW HITPOINT WARNING * * *
Unknown command.
Unknown command.
Blink to where?
Press: ? - help, Dir - move target cursor
As you read the scroll of blinking, it crumbles to dust.
The daeva calls down the wrath of the Shining One upon you.
The Shining One smites you!
You die...

........ADYA...▓......))
..........A.A(.▓..▓..)))
.......AGYY..D.▓.▓▓▓..(.
..........AA.A.▓..▓...(.
......§§§.AAGA.▓........
.▓..§.§.D▓Y..▓......©. .
▓▓.§§§.▓▓▓§§▓▓▓▓▓▓▓▓▓
...▓.......▓.AD▓.....8©8
.......@.....§§▓.[[))|)=
.......©.......▓..)".=}|
▓▓▓▓▓▓▓▓▓▓▓▓▓▓▓▓........
▓........ ∆∆∆∆∆∆∆∆∆∆∆
▓........ ∆∆∆∆∆∆∆∆∆∆∆
▓........ ∆∆∆∆∆∆∆
▓........ ▓..▓.....
▓.▓▓▓....


You could see an apis, 6 daevas, 3 pearl dragons, an angel (strong), an ophan
(strong) and a cherub (strong).

Vanquished Creatures
  A pearl dragon (D)
  A lich (D)
  2 deep elf master archers (D)
  Frances (D)
  A tentacled starspawn (D)
  Gastronok (D)
  A shadow dragon (D)
  3 azure jellies (D)
  Louise (D)
  Aizul (D)
  3 stone giants (D)
  A reaper (D)
  A merfolk javelineer (D)
  A death ooze (D)
  A great orb of eyes (D)
  8 yaktaur captains (D)
  12 vault guards (D)
  4 centaur warriors (D)
  Erica (D)
  A death scarab (D)
  A hell knight (D)
  A deep elf knight (D)
  4 soul eaters (D)
  Nergalle (D)
  A skeletal warrior (D)
  A glowing orange brain (D)
  A deep elf archer (D)
  A wizard (D)
  A harpy (shapeshifter) (D)
  10 cyclopes (D)
  An ugly thing (D)
  2 draconians (D)
  A rust devil (D)
  Maurice (D)
  A hellion (D)
  A spiny frog (shapeshifter) (D)
  2 freezing wraiths (D)
  7 yaktaurs (D)
  A tormentor (D)
  An ice devil (D)
  3 guardian mummies (D)
  2 red devils (D)
  A troll (shapeshifter) (D)
  Grinder (D)
  4 slime creatures (D)
  Prince Ribbit (D)
  A hippogriff (shapeshifter) (D)
  An air elemental (D)
  A wraith (D)
  A basilisk (shapeshifter) (D)
  An ushabti (D)
  A ynoxinul (D)
  2 fire elementals (D)
  2 neqoxecs (D)
  A soldier ant (shapeshifter) (D)
  A floating eye (D)
  Duvessa (D)
  2 large abominations (D)
  A hell hound (D)
  An ice beast (D)
  3 orc warriors (D)
  4 centaurs (D)
  3 scorpions (D)
  2 wights (D)
  3 crimson imps (D)
  2 quasits (D)
  2 iron imps (D)
  4 orc priests (D)
  4 jellies (D)
  Jessica (D)
  6 orc wizards (D)
  4 mummies (D)
  A shadow imp (D)
  2 white imps (D)
  3 ufetubi (D)
  An ooze (D)
  2 spectral adders (D)
  4 adder zombies (D)
  2 adder skeletons (D)
  2 orcs (D)
  A spectral bat (D)
  2 bat skeletons (D)
  2 bat zombies (D)
  2 ball python skeletons (D)
  A giant cockroach zombie (D)
  A leopard gecko zombie (D)
  A quokka zombie (D)
  4 spectral leopard geckos (D)
  2 spectral quokkas (D)
  A starspawn tentacle (D)
187 creatures vanquished.

Vanquished Creatures (others)
  A deep elf knight (D)
  8 ball lightnings (D)
  An adder zombie (D)
  2 foxfires (D)
  3 starspawn tentacles (D)
15 creatures vanquished.

Grand Total: 202 creatures vanquished

Notes
Turn   | Place    | Note
-------+----------+-------------------------------------------
     0 | D        | howech the Gnoll Fire Elementalist began the quest for the
                  | Orb.
     0 | D        | Reached XP level 1. HP: 13/13 MP: 6/6
    14 | D        | Found a blossoming altar of Fedhas.
    15 | D        | Found the +6 Majin-Bo {vamp, Archmagi MP+6 Int+6}
    15 | D        | Found the +7 great mace "Firestarter" {inner flame, rF++}
    16 | D        | Found a shimmering blue altar of Sif Muna.
    16 | D        | Found a sacrificial altar of Ru.
    16 | D        | Found a bloodstained altar of Trog.
    16 | D        | Found a stormy altar of Qazlal.
    16 | D        | Found an iron altar of Okawaru.
    16 | D        | Found a sparkling altar of Nemelex Xobeh.
    18 | D        | Found a transporter.
    18 | D        | Found an ancient bone altar of Kikubaaqudgha.
    18 | D        | Found a viscous altar of Jiyva.
    18 | D        | Found a corrupted altar of Lugonu.
    18 | D        | Found a hazy altar of Hepliaklqana.
    18 | D        | Found a burning altar of Makhleb.
    18 | D        | Found an opulent altar of Gozag.
    27 | D        | Found the +9 heavy crossbow "Sniper" {vorpal, Acc+∞ SInv}
    27 | D        | Found the +10 dark maul {vorpal}
    27 | D        | Found the +15 Maxwell's patent armour {-Cast -Tele rElec
                  | MR+ rCorr}
    27 | D        | Found the +18 shield of the Gong {rElec rN+ MR+ EV-5}
    27 | D        | Found the cursed +14 obsidian axe {vorpal, +Fly SInv
                  | *Curse}
    34 | D        | Found the +6 shillelagh "Devastator" {shatter}
    34 | D        | Found the +11 plutonium sword {*Contam Stlth-}
    34 | D        | Found the +8 lance "Wyrmbane" {slay drac, rPois rF+ rC+
                  | AC+3}
    34 | D        | Found the +9 sword of Zonguldrok {reap}
    34 | D        | Found the cursed +13 scythe of Curses {drain, *Curse}
    34 | D        | Found the +0 sword of Power
    34 | D        | Found the +7 mace of Variability {chain chaos}
    34 | D        | Found the +7 Singing Sword {vorpal, sonic wave}
    34 | D        | Found the +8 storm bow {elec, penet}
    52 | D        | Became a worshipper of Warmaster Okawaru
    69 | D        | Reached skill level 2 in Crossbows
    69 | D        | Reached skill level 5 in Dodging
    69 | D        | Reached skill level 5 in Spellcasting
    69 | D        | Reached skill level 1 in Hexes
    69 | D        | Reached skill level 1 in Charms
    69 | D        | Reached skill level 1 in Summonings
    69 | D        | Reached skill level 1 in Necromancy
    69 | D        | Reached skill level 1 in Translocations
    69 | D        | Reached skill level 1 in Transmutations
    69 | D        | Reached skill level 1 in Ice Magic
    69 | D        | Reached skill level 1 in Air Magic
    69 | D        | Reached skill level 1 in Earth Magic
    69 | D        | Reached skill level 1 in Poison Magic
    69 | D        | Reached XP level 2. HP: 22/22 MP: 6/8
    89 | D        | Entered arena 2.
    89 | D        | Noticed a draconian
    89 | D        | Noticed a draconian
    89 | D        | Found a transporter.
    90 | D        | Found the +4 skin of Zhor {Englaciate rC+++ SInv}
    96 | D        | Killed a draconian
    96 | D        | Reached * piety under Okawaru
    96 | D        | Reached ** piety under Okawaru
    96 | D        | Reached *** piety under Okawaru
    96 | D        | Reached skill level 4 in Crossbows
    96 | D        | Reached skill level 5 in Invocations
    96 | D        | Reached XP level 3. HP: 32/32 MP: 8/11
    96 | D        | Reached XP level 4. HP: 38/38 MP: 9/13
    96 | D        | Reached XP level 5. HP: 43/43 MP: 9/14
    96 | D        | Reached XP level 6. HP: 50/50 MP: 10/16
    99 | D        | Killed a draconian
    99 | D        | Received a gift from Okawaru
    99 | D        | Reached **** piety under Okawaru
    99 | D        | Reached skill level 5 in Fighting
    99 | D        | Reached skill level 5 in Short Blades
    99 | D        | Reached skill level 5 in Long Blades
    99 | D        | Reached skill level 5 in Axes
    99 | D        | Reached skill level 5 in Maces & Flails
    99 | D        | Reached skill level 5 in Polearms
    99 | D        | Reached skill level 5 in Staves
    99 | D        | Reached skill level 5 in Slings
    99 | D        | Reached skill level 5 in Bows
    99 | D        | Reached skill level 5 in Crossbows
    99 | D        | Reached skill level 5 in Throwing
    99 | D        | Reached skill level 5 in Armour
    99 | D        | Reached skill level 5 in Shields
    99 | D        | Reached skill level 5 in Unarmed Combat
    99 | D        | Reached skill level 5 in Conjurations
    99 | D        | Reached skill level 5 in Evocations
    99 | D        | Reached XP level 7. HP: 57/57 MP: 11/18
   111 | D        | Entered arena 3.
   111 | D        | Found a transporter.
   119 | D        | Reached skill level 6 in Crossbows
   119 | D        | Reached skill level 5 in Hexes
   119 | D        | Reached skill level 5 in Charms
   119 | D        | Reached skill level 5 in Summonings
   119 | D        | Reached skill level 5 in Necromancy
   119 | D        | Reached skill level 5 in Translocations
   119 | D        | Reached skill level 5 in Transmutations
   119 | D        | Reached skill level 5 in Ice Magic
   119 | D        | Reached skill level 5 in Air Magic
   119 | D        | Reached skill level 5 in Earth Magic
   119 | D        | Reached skill level 5 in Poison Magic
   121 | D        | Reached XP level 8. HP: 64/64 MP: 13/19
   158 | D        | Entered arena 4.
   158 | D        | Noticed a guardian mummy
   158 | D        | Noticed a guardian mummy
   158 | D        | Found a transporter.
   164 | D        | Killed a guardian mummy
   164 | D        | Received a gift from Okawaru
   170 | D        | Killed a guardian mummy
   173 | D        | Got the cursed ring "Aklats" {rN+ Str+4 Dex-4}
   179 | D        | Entered arena 5.
   179 | D        | Found a transporter.
   180 | D        | Found the +3 crown of Dyrovepreva {rElec Int+2 SInv}
   201 | D        | Entered arena 6.
   201 | D        | Found a transporter.
   252 | D        | Entered arena 7.
   252 | D        | Noticed an air elemental
   252 | D        | Noticed a deep elf knight
   252 | D        | Noticed a deep elf archer
   252 | D        | Noticed a deep elf knight
   253 | D        | Found a transporter.
   255 | D        | Reached skill level 7 in Crossbows
   255 | D        | Reached XP level 9. HP: 72/72 MP: 18/21
   256 | D        | Killed a deep elf knight
   257 | D        | Reached ***** piety under Okawaru
   257 | D        | Received a gift from Okawaru
   257 | D        | Killed a deep elf knight
   257 | D        | Received a gift from Okawaru
   257 | D        | Reached skill level 8 in Crossbows
   264 | D        | Killed a deep elf archer
   264 | D        | Received a gift from Okawaru
   264 | D        | Reached XP level 10. HP: 29/80 MP: 20/23
   485 | D        | Entered arena 8.
   487 | D        | Found a transporter.
   517 | D        | Entered arena 9.
   517 | D        | Noticed a death scarab
   518 | D        | Found a transporter.
   526 | D        | Killed a death scarab
   526 | D        | Received a gift from Okawaru
   526 | D        | Reached skill level 10 in Spellcasting
   528 | D        | Reached skill level 10 in Dodging
   736 | D        | Learned a level 5 spell: Fireball
   738 | D        | Entered arena 10.
   738 | D        | Noticed a green ugly thing
   738 | D        | Noticed a spiny frog
   738 | D        | Noticed a harpy
   739 | D        | Found a transporter.
   743 | D        | Killed a harpy
   743 | D        | Reached skill level 9 in Crossbows
   744 | D        | Reached skill level 10 in Stealth
   744 | D        | Killed a spiny frog
   744 | D        | Reached skill level 10 in Invocations
   753 | D        | Killed a green ugly thing
   761 | D        | Got the cursed ring of Wokom {EV-4 Dex+4 Slay+5}
   781 | D        | Entered arena 11.
   782 | D        | Found a transporter.
   788 | D        | Reached XP level 11. HP: 88/89 MP: 25/25
   794 | D        | Got the Disquisition on Damaging Dislocation
   797 | D        | Got Sif Muna's Guide on Execration and Darkness
   809 | D        | Entered arena 12.
   809 | D        | Noticed a skeletal warrior
   811 | D        | Found a transporter.
   820 | D        | Killed a skeletal warrior
   820 | D        | Reached skill level 10 in Crossbows
   825 | D        | Reached skill level 10 in Fire Magic
   833 | D        | Got Qangoneaj's Disquisition on Conjuration
   836 | D        | Got Ikelus's Disquisition on the Helpful Volcanoes
   850 | D        | Got the +2 great sword "Usodu" {vamp, rElec rPois MP+9}
   944 | D        | Entered arena 13.
   944 | D        | Noticed a wizard
   944 | D        | Noticed a glowing orange brain
   944 | D        | Noticed a tentacled starspawn
   945 | D        | Identified the cursed +1 war axe "Luyxtoaduj" {protect,
                  | +Blink rC+ Int-2}
   947 | D        | Reached skill level 10 in Fighting
   947 | D        | Reached skill level 10 in Short Blades
   947 | D        | Reached skill level 10 in Long Blades
   947 | D        | Reached skill level 10 in Axes
   947 | D        | Reached skill level 10 in Maces & Flails
   947 | D        | Reached skill level 10 in Polearms
   947 | D        | Reached skill level 10 in Staves
   947 | D        | Reached skill level 10 in Slings
   947 | D        | Reached skill level 10 in Bows
   947 | D        | Reached skill level 10 in Throwing
   947 | D        | Reached skill level 10 in Armour
   947 | D        | Reached skill level 10 in Shields
   947 | D        | Reached skill level 10 in Unarmed Combat
   947 | D        | Reached skill level 10 in Evocations
   950 | D        | Found a transporter.
   951 | D        | Killed a glowing orange brain
   959 | D        | Killed a tentacled starspawn
   959 | D        | Reached skill level 11 in Crossbows
   960 | D        | Killed a wizard
   960 | D        | Received a gift from Okawaru
  1076 | D        | Entered arena 14.
  1077 | D        | Noticed a cyclops
  1077 | D        | Noticed a deep elf master archer
  1077 | D        | Noticed a cyclops
  1077 | D        | Noticed a cyclops
  1077 | D        | Noticed a yaktaur captain
  1078 | D        | Noticed a yaktaur captain
  1078 | D        | Noticed a yaktaur captain
  1078 | D        | Noticed a cyclops
  1078 | D        | Noticed a cyclops
  1078 | D        | Noticed a centaur warrior
  1078 | D        | Identified the ring of the Thirsty Tables {rCorr MP+9 Int+3
                  | Dex-5 Stlth+}
  1079 | D        | Found the +3 robe of Folly {Archmagi, MR-- Int+5}
  1079 | D        | Killed a cyclops
  1079 | D        | Received a gift from Okawaru
  1080 | D        | Found a transporter.
  1083 | D        | Killed a deep elf master archer
  1083 | D        | Received a gift from Okawaru
  1083 | D        | Reached ****** piety under Okawaru
  1083 | D        | Reached skill level 12 in Crossbows
  1083 | D        | Reached XP level 12. HP: 90/100 MP: 15/28
  1083 | D        | Killed a yaktaur captain
  1083 | D        | Killed a yaktaur captain
  1085 | D        | Reached skill level 10 in Conjurations
  1085 | D        | Received a gift from Okawaru
  1085 | D        | Reached skill level 13 in Crossbows
  1087 | D        | Killed a centaur warrior
  1089 | D        | Killed a yaktaur captain
  1093 | D        | Got the Guide on Enchanting Calling
  1146 | D        | Got a pair of distressingly furry gloves {god gift}
  1152 | D        | Identified the +1 pair of gloves of the Peculiar Xalams
                  | {Slay+3} (Okawaru gifted it to you in the Dungeon)
  1158 | D        | Entered arena 15.
  1159 | D        | Noticed Grinder
  1159 | D        | Noticed Duvessa
  1159 | D        | Noticed Louise
  1159 | D        | Noticed Maurice
  1159 | D        | Noticed Nergalle
  1160 | D        | Noticed Aizul
  1160 | D        | Noticed Frances
  1160 | D        | Noticed Erica
  1160 | D        | Noticed Prince Ribbit
  1160 | D        | Noticed Jessica
  1161 | D        | Found a transporter.
  1161 | D        | Noticed Gastronok
  1164 | D        | Killed Nergalle
  1164 | D        | Reached skill level 10 in Hexes
  1164 | D        | Reached skill level 10 in Charms
  1164 | D        | Reached skill level 10 in Summonings
  1164 | D        | Reached skill level 10 in Necromancy
  1164 | D        | Reached skill level 10 in Translocations
  1164 | D        | Reached skill level 10 in Transmutations
  1164 | D        | Reached skill level 10 in Ice Magic
  1164 | D        | Reached skill level 10 in Air Magic
  1164 | D        | Reached skill level 10 in Earth Magic
  1164 | D        | Reached skill level 10 in Poison Magic
  1164 | D        | Killed Jessica
  1166 | D        | Killed Prince Ribbit
  1167 | D        | Killed Grinder
  1167 | D        | Killed Duvessa
  1171 | D        | Killed Erica
  1172 | D        | Killed Frances
  1172 | D        | Reached skill level 14 in Crossbows
  1173 | D        | Killed Maurice
  1177 | D        | Killed Aizul
  1177 | D        | Reached XP level 13. HP: 71/108 MP: 23/30
  1182 | D        | Killed Louise
  1182 | D        | Received a gift from Okawaru
  1185 | D        | Killed Gastronok
  1185 | D        | Received a gift from Okawaru
  1191 | D        | Got a pair of jewelled gloves {god gift}
  1192 | D        | Identified the +0 pair of gloves of Quwnoluhemn {*Slow
                  | +Blink Str+4} (Okawaru gifted it to you in the Dungeon)
  1511 | D        | Entered arena 16.
  1513 | D        | Noticed a reaper
  1514 | D        | Found a transporter.
  1531 | D        | Killed a reaper
  1531 | D        | Reached skill level 15 in Crossbows
  1536 | D        | Got Qibam's Thorough Guide to Casting
  1554 | D        | Learned a level 6 spell: Conjure Ball Lightning
  1785 | D        | Entered arena 17.
  1788 | D        | Noticed a death ooze
  1788 | D        | Noticed an azure jelly
  1789 | D        | Noticed an azure jelly
  1789 | D        | Noticed an azure jelly
  1789 | D        | Noticed a great orb of eyes
  1790 | D        | Found a transporter.
  1796 | D        | Killed a death ooze
  1801 | D        | Killed an azure jelly
  1802 | D        | Killed an azure jelly
  1805 | D        | Killed a great orb of eyes
  1805 | D        | Killed an azure jelly
  1805 | D        | Received a gift from Okawaru
  1820 | D        | Entered arena 18.
  1823 | D        | Noticed a stone giant
  1823 | D        | Noticed a lich
  1823 | D        | Noticed a vault guard
  1823 | D        | Noticed a vault guard
  1823 | D        | Noticed a stone giant
  1823 | D        | Noticed a vault guard
  1823 | D        | Noticed a vault guard
  1823 | D        | Noticed a stone giant
  1823 | D        | Noticed a vault guard
  1823 | D        | Noticed a vault guard
  1823 | D        | Noticed a vault guard
  1827 | D        | Noticed a vault guard
  1827 | D        | Identified the ring of Gecejex {Wiz Dex+6}
  1827 | D        | Noticed a vault guard
  1828 | D        | Noticed a vault guard
  1828 | D        | Noticed a vault guard
  1828 | D        | Noticed a vault guard
  1830 | D        | Noticed a Hell Sentinel
  1830 | D        | Killed a vault guard
  1830 | D        | Reached skill level 16 in Crossbows
  1830 | D        | Killed a vault guard
  1830 | D        | Killed a vault guard
  1830 | D        | Killed a stone giant
  1832 | D        | Found a transporter.
  1833 | D        | Killed a vault guard
  1833 | D        | Reached XP level 14. HP: 72/118 MP: 21/32
  1834 | D        | Killed a stone giant
  1848 | D        | Received a gift from Okawaru
  1848 | D        | Killed a stone giant
  1848 | D        | Reached skill level 15 in Invocations
  1848 | D        | Killed a lich
  1848 | D        | Received a gift from Okawaru
  1848 | D        | Reached skill level 17 in Crossbows
  1870 | D        | Got a slimy helmet {god gift}
  1882 | D        | Identified the +0 helmet "Cishy" {rPois rF+ MR+ Int+4}
                  | (Okawaru gifted it to you in the Dungeon)
  1901 | D        | Got the Guide on Changing
  2103 | D        | Learned a level 7 spell: Orb of Destruction
  2105 | D        | Entered arena 19.
  2108 | D        | Noticed a shadow dragon
  2110 | D        | Found a transporter.
  2114 | D        | Reached skill level 15 in Spellcasting
  2127 | D        | Killed a shadow dragon
  2127 | D        | Reached skill level 15 in Dodging
  2135 | D        | Reached skill level 15 in Stealth
  2425 | D        | Got the ring "Weiwuror" {*Contam rElec rN+ MP+9 Int+4}
  2443 | D        | Entered arena 20.
  2449 | D        | Noticed a deep elf master archer
  2450 | D        | Found a transporter.
  2457 | D        | Reached skill level 18 in Crossbows
  2461 | D        | Received a gift from Okawaru
  2461 | D        | Reached skill level 15 in Fighting
  2461 | D        | Reached skill level 15 in Short Blades
  2461 | D        | Reached skill level 15 in Long Blades
  2461 | D        | Reached skill level 15 in Axes
  2461 | D        | Reached skill level 15 in Maces & Flails
  2461 | D        | Reached skill level 15 in Polearms
  2461 | D        | Reached skill level 15 in Staves
  2461 | D        | Reached skill level 15 in Slings
  2461 | D        | Reached skill level 15 in Bows
  2461 | D        | Reached skill level 15 in Throwing
  2461 | D        | Reached skill level 15 in Armour
  2461 | D        | Reached skill level 15 in Shields
  2461 | D        | Reached skill level 15 in Unarmed Combat
  2461 | D        | Reached skill level 15 in Evocations
  2462 | D        | Killed a deep elf master archer
  2462 | D        | Reached XP level 15. HP: 34/129 MP: 22/34
  2509 | D        | Got the ring "Nofeoca" {Wiz SInv}
  2525 | D        | Learned a level 8 spell: Ignition
  2769 | D        | Entered arena 21.
  2773 | D        | Noticed a daeva
  2773 | D        | Noticed a daeva
  2773 | D        | Noticed a pearl dragon
  2773 | D        | Noticed a pearl dragon
  2773 | D        | Noticed a daeva
  2774 | D        | Noticed a daeva
  2775 | D        | Noticed an angel
  2775 | D        | Noticed a daeva
  2775 | D        | Noticed a daeva
  2776 | D        | Noticed a pearl dragon
  2776 | D        | Found a transporter.
  2776 | D        | Noticed a pearl dragon
  2776 | D        | Noticed a pearl dragon
  2776 | D        | Noticed an angel
  2776 | D        | Noticed a daeva
  2789 | D        | Killed a pearl dragon
  2789 | D        | Received a gift from Okawaru
  2789 | D        | Reached skill level 19 in Crossbows
  2789 | D        | Reached skill level 15 in Conjurations
  2793 | D        | HP: 5/129 [pearl dragon/blast of cleansing flame (19)]
  2794 | D        | HP: 2/129 [daeva/divine providence (12)]
  2795 | D        | Killed from afar by a daeva

Illustrated notes

Levels and vault maps discovered:
D:        sprint_v [room_start, room_1, room_2, room_3, room_4, room_5, room_6,
          room_7, room_8, room_9, room_10, room_11, room_12, room_13, room_14,
          room_15, room_16, room_17, room_18, room_19, room_20, room_21,
          room_22, room_23, room_24, room_25, room_26, room_27]

Skill      XL: |  1  2  3  4  5  6  7  8  9 10 11 12 13 14 15 |
---------------+----------------------------------------------+-----
Fighting       | 2 4 5 6 7 8 9 11 12 13 15 | 15.3
Short Blades   | 2 4 5 6 7 8 9 11 12 13 15 | 15.3
Long Blades    | 2 4 5 6 7 8 9 11 12 13 15 | 15.3
Axes           | 2 4 5 6 7 8 9 11 12 13 15 | 15.3
Maces & Flails | 2 4 5 6 7 8 9 11 12 13 15 | 15.3
Polearms       | 2 4 5 6 7 8 9 11 12 13 15 | 15.3
Staves         | 2 4 5 6 7 8 9 11 12 13 15 | 15.3
Slings         | 2 4 5 6 7 8 9 11 12 13 15 | 15.3
Bows           | 2 4 5 6 7 8 9 11 12 13 15 | 15.3
Crossbows      | 2 4 5 6 7 8 9 12 14 16 18 19 | 19.0
Throwing       | 2 4 5 6 7 8 9 11 12 13 15 | 15.3
Armour         | 2 4 5 6 7 8 9 11 12 13 15 | 15.3
Dodging        | 5 6 7 8 9 10 11 12 14 15 | 15.8
Shields        | 2 4 5 6 7 8 9 11 12 13 15 | 15.3
Unarmed Combat | 2 4 5 6 7 8 9 11 12 13 15 | 15.3
Spellcasting   | 5 7 8 9 10 12 13 14 15 | 15.9
Conjurations   | 2 4 5 6 7 8 9 10 12 14 15 | 15.1
Hexes          | 1 4 5 6 7 9 10 11 13 | 13.2
Charms         | 1 4 5 6 7 9 10 11 13 | 13.3
Summonings     | 1 4 5 6 7 9 10 11 13 | 13.2
Necromancy     | 1 4 5 6 7 9 10 11 13 | 13.2
Translocations | 1 4 5 6 7 9 10 11 13 | 13.2
Transmutations | 1 4 5 6 7 9 10 11 13 | 13.2
Ice Magic      | 1 4 5 6 7 9 10 11 13 | 13.2
Air Magic      | 1 4 5 6 7 9 10 11 13 | 13.2
Earth Magic    | 1 4 5 6 7 9 10 11 13 | 13.2
Poison Magic   | 1 4 5 6 7 9 10 11 13 | 13.2
Invocations    | 2 5 6 7 9 10 11 13 14 16 | 16.5
Evocations     | 2 4 5 6 7 8 9 11 12 13 15 | 15.3
Stealth        | 6 7 8 9 10 11 12 14 15 | 15.7
Fire Magic     | 6 7 8 9 10 11 12 13 14 | 14.1

Action                   |  1- 3 |  4- 6 |  7- 9 | 10-12 | 13-15 || total
-------------------------+-------+-------+-------+-------+-------++-------
Melee: Double sword      |     5 |     3 |    41 |    69 |    89 ||   207
       Bite              |       |       |     8 |    11 |    13 ||    32
 Cast: Fireball          |       |       |       |     3 |     2 ||     5
       Conjure Ball Ligh |       |       |       |       |     3 ||     3
       Foxfire           |       |       |       |       |     1 ||     1
       Ignition          |       |       |       |       |     1 ||     1
Invok: Heroism           |       |       |     3 |     5 |     4 ||    12
       Finesse           |       |       |       |     4 |     4 ||     8
  Use: Potion            |     2 |       |     1 |       |    10 ||    13
       Scroll            |       |       |       |       |     5 ||     5
 Stab: Invisible         |     2 |     1 |       |       |       ||     3
       Sleeping          |     1 |       |       |       |       ||     1
  Eat: Chunk             |       |       |       |     1 |     1 ||     2
       Ration            |       |       |       |       |     2 ||     2
Armor: Fire dragon scale |     1 |       |    26 |     4 |       ||    31
       Animal skin       |       |       |       |       |     8 ||     8
Dodge: Dodged            |     1 |       |    14 |    10 |    39 ||    64
Block: Kite shield       |     6 |     3 |    76 |    93 |   142 ||   320
       Reflection        |       |       |     2 |    15 |    30 ||    47
       Rpst.: Double sword |     1 |       |     2 |     3 |     5 ||    11
